Map: Central Protocol

Players

lesha - Winner!

  • Race: Terran Terran

Ripper

  • Race: Terran Terran

VOD

Have the link to the VOD?

Description

Time

  • Played on: Dec. 9, 2015, 9:39 a.m.
  • Length: 11:38
Show
View Real Time Build Order
Export as new Build Order

lesha Terran - Winner!

Build Orders: Liberator Opening 

Get SALT Encoding   

  12  0:01  SCV  
  13  0:16  Supply Depot  
  14  0:21  SCV  
  14  0:33  SCV  
  15  0:42  Barracks  
  15  0:45  SCV  
  16  0:57  SCV  
  16  0:59  Refinery  
  17  1:09  SCV  
  18  1:22  SCV  
  19  1:31  Command Center  
  19  1:41  Orbital Command  
  19  1:47  Marine  
  20  2:05  Factory  
  20  2:06  Marine  
  21  2:11  SCV  
  22  2:17  Refinery  
  22  2:23  SCV  
  23  2:42  SCV, Marine  
  25  2:46  Bunker  
  25  2:50  Orbital Command  
  25  2:54  SCV  
  26  2:59  Supply Depot  
  26  3:00  Starport  
  26  3:06  SCV  
  26  3:07  Factory Reactor  
  27  3:17  SCV  
  27  3:18  SCV  
  29  3:23  Bunker  
  29  3:24  Liberator, Marine  
  30  3:29  SCV  
  34  3:57  Barracks  
  34  3:59  Barracks  
  33  4:04  SCV x2  
  35  4:14  Liberator  
  35  4:16  SCV x2  
  37  4:23  Supply Depot  
  37  4:24  Supply Depot  
  37  4:25  Supply Depot, Refinery  
  37  4:26  Refinery, Marine  
  41  4:43  Marine  
  42  4:55  Barracks Reactor  
  42  5:03  SCV x2  
  44  5:15  SCV x2  
  44  5:16  Engineering Bay  
  44  5:18  Engineering Bay  
  46  5:23  Marine  
  46  5:24  Marine  
  46  5:26  Barracks Reactor  
  46  5:28  Starport Reactor  
  45  5:48  SCV x2  
  47  5:50  Terran Infantry Weapons Level 1  
  47  5:54  Terran Infantry Armor Level 1  
  47  6:00  SCV x2  
  49  6:10  Barracks  
  49  6:11  Barracks  
  49  6:13  Barracks  
  49  6:14  Barracks  
  49  6:16  Command Center  
  46  6:34  Factory Tech Lab  
  46  6:37  Marine x4  
  46  6:38  Marine x2  
  52  6:41  Medivac x2  
  56  6:51  SCV x2  
  58  6:55  Marine x5  
  58  6:56  Marine  
  58  6:59  Barracks Tech Lab  
  58  7:00  Barracks Tech Lab  
  64  7:02  Barracks Reactor  
  64  7:03  Barracks Reactor, SCV x2  
  66  7:13  Marine x4  
  70  7:26  Supply Depot x3  
  70  7:27  Supply Depot, Marine x2  
  70  7:28  Supply Depot  
  70  7:29  Supply Depot  
  72  7:30  Combat Shields, Stimpack, Marine  
  72  7:31  Marine x2  
  72  7:32  Marine x2  
  72  7:33  Marine  
  78  7:38  Medivac x2  
  82  7:45  Marine x2  
  82  7:51  Marauder x2  
  88  8:04  Marine x4  
  88  8:05  Marine x6  
  96  8:12  Marine x2  
  100  8:22  Marine x5  
  100  8:23  Marine x3  
  108  8:30  Marauder  
  109  8:51  Marine x4  
  109  8:52  Marine x7  
  109  8:53  Marine  
  109  8:55  Medivac x2  
  125  8:57  Widow Mine  
  127  9:09  Marine x6  
  131  9:25  Medivac  
  133  9:33  Supply Depot  
  133  9:34  Supply Depot  
  133  9:36  Supply Depot  
  133  9:37  Supply Depot  
  133  9:39  Missile Turret x2  
  133  9:42  Missile Turret  
  133  9:53  Marine  
  133  9:54  Widow Mine, Medivac, Marine x4  
  133  9:55  Supply Depot, Marauder  
  133  9:56  Marauder  
  133  9:58  Supply Depot  
  129  10:17  Marauder  
  131  10:24  Marine x4  
  131  10:25  Marine x6  
  131  10:26  Marine  
  131  10:27  Medivac x2  
  146  10:38  Marine  
  147  10:45  Marine x5  
  147  10:46  Marauder  
  147  10:48  Marine  
  155  10:56  Marauder  
  157  10:57  Medivac  
  159  11:07  Marauder  
Show
View Real Time Build Order
Export as new Build Order

Ripper Terran 

Build Orders:  

Get SALT Encoding   

  12  0:01  SCV  
  13  0:14  SCV  
  14  0:26  SCV  
  15  0:37  Supply Depot  
  15  0:55  Engineering Bay  
  15  0:58  SCV  
  16  1:04  Refinery  
  16  1:05  Supply Depot  
  16  1:11  SCV  
  17  1:23  SCV  
  18  1:30  Refinery  
  18  1:35  SCV  
  19  1:45  Barracks  
  19  1:47  SCV  
  20  1:59  SCV  
  21  2:11  SCV  
  22  2:19  Command Center  
  22  2:35  Factory  
  22  2:46  Barracks Tech Lab  
  22  2:50  SCV  
  23  2:54  Terran Infantry Weapons Level 1  
  23  3:02  SCV  
  24  3:06  Marine  
  24  3:09  Combat Shields  
  25  3:24  Barracks, Marine  
  25  3:25  Factory Tech Lab  
  26  3:34  Refinery  
  26  3:42  Marine  
  26  3:44  SCV  
  28  3:49  Siege Tank  
  31  3:56  SCV  
  31  4:00  Marine  
  33  4:08  SCV  
  34  4:15  Supply Depot  
  34  4:20  SCV  
  35  4:32  SCV  
  35  4:35  Barracks Reactor  
  36  4:39  Starport  
  36  4:42  Supply Depot  
  36  4:44  SCV  
  37  4:52  Orbital Command  
  37  4:56  SCV  
  38  5:04  Supply Depot, Marine  
  39  5:09  SCV  
  40  5:18  Sensor Tower  
  40  5:21  SCV, Marine  
  41  5:25  Terran Infantry Armor Level 1  
  35  5:39  Marine  
  36  5:47  Sensor Tower  
  36  5:53  SCV  
  36  5:56  Ghost Academy  
  37  5:57  Marine  
  38  6:05  SCV  
  39  6:15  Marine x3  
  39  6:17  SCV  
  43  6:29  SCV  
  44  6:33  Marine x3  
  44  6:39  Personal Cloaking, Refinery  
  47  6:41  SCV  
  48  6:50  Marine  
  48  6:51  Marine x2  
  51  7:08  Ghost  
  51  7:13  Marine x2  
  55  7:16  Planetary Fortress  
  55  7:30  Armory  
  55  7:31  Marine x2, Medivac  
  55  7:36  Ghost  
  61  8:05  Nuke  
  57  9:00  Marine x3  
  60  9:08  Starport Reactor  
  60  9:17  Marine  
  60  9:18  Marine x2  
  63  9:35  Marine x2, Terran Vehicle Weapons Level 1  
  65  9:52  Supply Depot  
  65  9:54  Thor  
  47  10:15  Supply Depot  
  47  10:19  Nuke  
  45  10:24  Marine x2  
  48  10:32  Ghost  
  49  10:36  Thor  
  49  10:39  Supply Depot  
  49  10:42  Marine x2  
  57  11:00  Marine x2  
  57  11:03  Supply Depot  
  60  11:18  Marine  
  42  11:27  Supply Depot  
Tags
 
Add a new tag
Caveats
  • Supply blocks, unpowered buildings, or Contaminate may cause inaccurate times.
  • Supply counts are checked every 10 seconds.